montu, chaotic male human Wizard ----- --------- |<..--- ------.......-- ------- ------- |.....---|....)....--..| |.....| . .. --..|....|.---------|..| |.(_%.| ( --|--.----+- --.|-.....---- ---- |.....| ---- ..|-.|.-..| --|.........|--- ----- ---|--- |..---- ---|-..--|..| ----.|....|..----...-- |.| ---+-.....-+--........--|| ---[.|....|.....---- |.| --......--................| ------ |..|.............---.-- |.......-|..--------|--..-- |%%)!| --.(....---.........).----- |...{.... |.........|..-- |....| |........|...|.....).....-- --....... |?[?%!%%%[|...| ---|--------....-------...---......- ------....- -----------...| --[---...-|...-|..|..|-...|..---...|.--..|.a.|.... |.......-- --.........|..--|..|..|--.....|-....|.......@---... (( |.------- +...............-|---|-----..- ..........--....--.. $((( |.|...-. -----.....[....----...............|...`.......|-...|... ((( |%|...| |..............-- |-.--.---------.........--..|........ |.--|------- -+-----.........| |...|.|.(((| --.......-----|...|....---------.....|....| --..------- |...|.-.(((| ---...--- --..|...--......|...{..-..-|| ---- ------|.(((| ----- -----.....----........|..|(| ------ ------- ---------- --- montu the Thaumaturge Experience level: 8 Strength: 10 Dexterity: 12 Constitution: 15 Intelligence: 18 Wisdom: 12 Charisma: 10 Health: 0(85) Energy: 54(69) Def: 3 Gold: 914 Moves: 4608 Dungeon seed: xZS9Nar1QNqvX_-s Game ID: montu_1704207191 Your Inventory: Coins $ - 914 gold pieces Weapons a - a blessed +1 quarterstaff (weapon in hands) Armor e - an uncursed +0 cloak of magic resistance (being worn) q - an uncursed +0 elven leather helm (being worn) y - an uncursed +0 pair of elven boots (being worn) Comestibles g - an uncursed clove of garlic n - 3 uncursed cram rations t - an uncursed orange x - 2 uncursed food rations Scrolls m - an uncursed scroll of remove curse p - an uncursed scroll of earth E - a blessed scroll of gold detection F - an uncursed scroll of teleportation H - an uncursed scroll of taming I - an uncursed scroll of magic mapping U - an uncursed scroll of genocide Potions o - an uncursed potion of healing B - an uncursed potion of object detection Rings D - an uncursed ring of fire immunity (on right hand) P - an uncursed ring of protection from shape changers (on left hand) Wands d - an uncursed wand of slow monster (0:1) V - an uncursed wand of striking (0:1) Tools f - an uncursed tin opener i - an uncursed lock pick k - an uncursed skeleton key u - an uncursed +0 unicorn horn w - an uncursed mirror C - 7 uncursed wax candles (0:400) G - an uncursed leash R - an uncursed +0 pick-axe of mercy Gems z - an uncursed jasper stone Spells and supernatural/magical abilities: Name Level Category Cost Memory a - force bolt 1 attack 5pw 93% m - magic missile 2 attack 10pw 93% s - slow monster 2 enchantment 16pw 93% I - identify 2 divination 16pw 93% K - cure sickness 3 healing 37pw 100% W - pray for help -- divine ? -- Your skills at the end: Fighting Skills wands [Basic] Weapon Skills quarterstaff [Basic] Spellcasting Skills attack spells [Expert] divination spells [Basic] enchantment spells [Basic] Final Attributes: You were piously aligned. You were immune to fire. You were poison resistant. You were magic resistant. You were stealthy. You were protected from shape changers. You were lucky. Anhur was pleased with you. You are dead. Vanquished creatures: a giant mimic a small mimic a giant beetle a quivering blob a lynx a spotted jelly a black light a gnome king a dog a housecat 2 dwarf lords a gray unicorn 2 Woodland-elves 2 soldier ants a water nymph a fog cloud a yellow light 7 gnome lords 2 gnomish wizards a kobold mummy a straw golem a baby crocodile a giant ant 11 dwarves 11 hill orcs a centipede a giant bat an iguana a gas spore 3 hobbits 9 manes a hobgoblin 2 giant rats a cave spider 31 gnomes 2 geckos 3 jackals a fox 2 kobolds 4 goblins 2 sewer rats a grid bug 2 bats 3 lichens a newt 127 creatures vanquished. Voluntary challenges: You had been an atheist until turn 3048. You used a wielded weapon 112 times, starting on turn 102. You read items or engraved 27 times, starting on turn 2142. You never genocided any monsters. You never polymorphed an object. You never changed form. You used no wishes. You never split a pudding. You wrote Elbereth's name 15 times, starting on turn 2144. You never violated your personal moral code. Dungeon overview: The Dungeons of Doom: levels 1 to 4 Level 1 a long staircase Level 2 a weapon shop, a fountain Level 3 a fountain Level 4 some fountains stairs to The Gnomish Mines The Gnomish Mines: levels 5 to 8 Level 5 stairs to The Dungeons of Doom Level 6 Level 7 Level 8 <- You were here some shops, a temple to Anhur, some fountains History has recorded: On T:1 you entered the Dungeons of Doom to retrieve the Amulet of Yendor! On T:449 you advanced to experience level 2. On T:460 you reached level 2 of The Dungeons of Doom. On T:736 you reached level 3 of The Dungeons of Doom. On T:821 you advanced to experience level 3. On T:1096 you reached level 4 of The Dungeons of Doom. On T:1549 you reached level 1 of The Gnomish Mines. On T:1607 you advanced to experience level 4. On T:1755 you advanced to experience level 5. On T:2112 you reached level 2 of The Gnomish Mines. On T:2246 you advanced to experience level 6. On T:2529 you reached level 3 of The Gnomish Mines. On T:2816 you reached level 4 of The Gnomish Mines. On T:3029 you advanced to experience level 7. On T:4517 you advanced to experience level 8. Score breakdown: Gold: 914 (10073 points) Experience: 8 levels (14739 points) Exploration: 8 levels ( 16.67%) (11577 points) Discoveries: 33 items ( 11.07%) ( 9983 points) Valuables value: (no points given unless you survive) Artifact value: 0 ( 0 points) Variety of kills: 45 monsters ( 11.84%) (10323 points) Turncount: 4608 turns (-1234 points) Survival: died (score multiplied by 80%) Total score: 44368 Latest messages: The magic missile hits the soldier ant! The soldier ant is killed by the magic missile! The magic missile bounces! The magic missile hits you! The missiles bounce off! You stop exploring. The gray unicorn butts! The gray unicorn just misses! The gray unicorn butts! The gray unicorn kicks! The magic missile hits the gray unicorn! The gray unicorn butts! The gray unicorn kicks! The gray unicorn butts! The gray unicorn kicks! The soldier ant bites! The soldier ant stings! The soldier ant bites! The soldier ant stings! You die... For some reason, you think that you can almost hear the Wizard laugh manically... Final status: Goodbye montu the Wizard, killed by a soldier ant... You died in The Gnomish Mines on dungeon level 8 with 44368 points, and 914 pieces of gold, after 4608 moves. You were level 8 with a maximum of 85 hit points when you died.